Map: Frostline LE

Players

wootwoot - Winner!

  • Race: Zerg Zerg
  • League: Bronze
  • Spawn Location: 7:00

lynx

  • Race: Zerg Zerg
  • League: Master
  • Spawn Location: 1:00

VOD

Have the link to the VOD?

Description

Time

  • Played on: April 21, 2025, 9:52 a.m.
  • Length: 2:53
Show
View Real Time Build Order
Export as new Build Order

wootwoot Zerg - Winner!

Build Orders: Pool Only 

Get SALT Encoding   

  12  0:00  Drone  
  13  0:08  Extractor  
  12  0:25  Spawning Pool  
  11  0:30  Drone  
  11  0:34  Drone  
  13  0:45  Overlord  
  13  1:11  Zergling x4, Metabolic Boost  
  13  1:12  Zergling x2  
  16  1:23  Zergling x2  
  17  1:35  Zergling x2  
  17  1:39  Spine Crawler  
  17  1:45  Zergling x2  
  18  1:52  Spine Crawler  
  17  1:56  Zergling x2  
  17  1:58  Queen  
  20  2:06  Zergling x2  
  21  2:17  Zergling x2  
  21  2:22  Spine Crawler  
  21  2:28  Zergling x2  
Show
View Real Time Build Order
Export as new Build Order

lynx Zerg 

Build Orders: Hatch First 

Get SALT Encoding   

  12  0:07  Drone  
  13  0:18  Drone, Overlord  
  14  0:28  Overlord  
  14  0:54  Hatchery  
  14  0:56  Drone  
  14  1:13  Spawning Pool  
  14  1:15  Drone  
  14  1:29  Drone  
  14  1:31  Drone x2  
  17  1:44  Extractor  
  16  1:57  Drone x2  
  18  2:05  Queen  
  18  2:06  Zergling x2  
  21  2:12  Zergling x4  
Tags
 
Matchup
ZvZ
Race
Zerg
Replay Pack
#1B2M-Replays
Spawn Locations
Cross Positions
Add a new tag
Caveats
  • Supply blocks, unpowered buildings, or Contaminate may cause inaccurate times.
  • Supply counts are checked every 10 seconds.